 Dungeon Crawl Stone Soup version 0.31-a0-232-gb1c03b2570 (webtiles) character file.

Game seed: 9176844236306081827

75 qw the Shooter (level 4, -2/26 HPs)
             Began as a Gargoyle Hexslinger on July 6, 2023.
             Frozen to death by an endoplasm (4 damage)
             ... on level 2 of the Dungeon.
             The game lasted 00:00:31 (844 turns).

qw the Shooter (Gargoyle Hexslinger)                 Turns: 844, Time: 00:00:32

Health: -2/26      AC:  8    Str: 10 (11) XL:     4   Next: 31%
Magic:  5/5        EV: 10    Int: 13 (14) God:
Gold:   53         SH:  0    Dex: 13 (14) Spells: 4/5 levels left

rFire   . . .        Y - +1 sling
rCold   . . .        (no shield)
rNeg    + . .        d - +0 ring mail
rPois   inf          (no helmet)
rElec   +            (no cloak)
rCorr   .            (no gloves)
SInv    .            (no boots)
Will    .....        (no amulet)
Stlth   +            (no ring)
HPRegen 0.24/turn    (no ring)
MPRegen 0.09/turn

%: no passive effects
@: no status effects
A: sickness immunity, AC +3, negative energy resistance 1, electricity
resistance, torment resistance 1, petrification resistance
a: no special abilities


You were on level 2 of the Dungeon.
You visited 1 branch of the dungeon, and saw 2 of its levels.

You collected 53 gold pieces.


Innate Abilities, Weirdness & Mutations

You are immune to sickness and miasma.
Your stone body is resilient. (AC +3)
You are immune to poison.
You resist negative energy. (rN+)
You are resistant to electric shocks. (rElec)
You are resistant to unholy torment.
You are immune to petrification.


   Skills:
 - Level 2.0 Fighting
 - Level 4.0 Ranged Weapons
 + Level 0.9 Armour
 - Level 1.5 Dodging
 - Level 1.0 Spellcasting
 - Level 2.6 Hexes


You had 4 spell levels left.
You knew the following spells:

 Your Spells              Type           Power      Damage    Failure   Level
a - Slow                  Hex            28%        N/A       24%         1

Your spell library contained the following spells:

 Spells                   Type           Power      Damage    Failure   Level
 Inner Flame              Hex/Fire       4%         N/A       77%         3
 Portal Projectile        Hex/Tloc       8%         N/A       77%         3
 Cause Fear               Hex            3%         N/A       93%         4

Inventory:

Hand Weapons
 Y - a +1 sling (weapon)
Armour
 d - a +0 ring mail (worn)
Jewellery
 a - an amulet of guardian spirit
 i - a ring of ice
Scrolls
 g - a scroll of identify
Potions
 b - a potion of mutation {unknown}

Dungeon Overview and Level Annotations

Branches:
Dungeon (2/15)

Altars:


Message History

The worm is lightly wounded.
You shoot a sling bullet. The sling bullet hits the worm.
The worm is heavily wounded.
You shoot a sling bullet.
The sling bullet barely misses the worm.
The worm bites you!
An endoplasm comes into view.
You shoot a sling bullet. The endoplasm quivers.
The sling bullet hits the worm but does no damage.
The worm is moderately wounded.
The worm bites you!
You shoot a sling bullet.
The sling bullet completely misses the worm.
The worm barely misses you.
You shoot a sling bullet. The sling bullet hits the worm.
The worm is heavily wounded.
You shoot a sling bullet. The sling bullet hits the worm.
The worm is heavily wounded.
The worm bites you.
You shoot a sling bullet. The sling bullet hits the worm.
The worm is heavily wounded.
The worm bites you but does no damage. The endoplasm completely misses you.
You shoot a sling bullet. The sling bullet hits the worm.
The worm is almost dead.
The endoplasm freezes you.
You are frozen.
The worm bites you but does no damage.
You shoot a sling bullet.
The sling bullet hits the worm but does no damage.
The worm is severely wounded.
The endoplasm freezes you.
You are frozen.
The worm bites you but does no damage.
You shoot a sling bullet. The sling bullet hits the worm.
The worm is almost dead.
The endoplasm hits you. The endoplasm closely misses you.
You shoot a sling bullet. The sling bullet hits the worm.
You kill the worm!
The endoplasm freezes you.
You are frozen.
You die...

#..#.. ..#(.
.#
.##.#.##)####
......)#.[...
#.........
####.......
## ......#%J#
.# #...@.##
.# ####...#
.###### ###.#
......# #.#
.####.# ##.##
.# #.# #...#
.# #.# #...#
### #.# #...#
..# #.######
#...#


You could see an endoplasm.

Vanquished Creatures
  A gnoll (D:1)
  2 adders (D:2)
  A worm (D:2)
  5 dart slugs
  4 ball pythons
  3 endoplasms (D:1)
  2 giant cockroaches (D:1)
  5 goblins (D:1)
  A hobgoblin (D:2)
  A quokka (D:2)
  3 bats (D:1)
  2 frilled lizards (D:1)
  6 kobolds
  3 rats (D:1)
39 creatures vanquished.

Notes
Turn   | Place    | Note
-------+----------+-------------------------------------------
     0 | D:1      | qw the Gargoyle Hexslinger began the quest for the Orb.
     0 | D:1      | Reached XP level 1. HP: 12/12 MP: 2/2
     0 | D:1      | 0 ||| qw: Version: 0.3-a-46-gb1f654a
     0 | D:1      | 0 ||| qw: Game counter: 2040
     0 | D:1      | 0 ||| qw: Melee chars always use a shield: true
     0 | D:1      | 0 ||| qw: God list: Okawaru
     0 | D:1      | 0 ||| qw: Allow faded altars: false
     0 | D:1      | 0 ||| qw: Do Orc after clearing Dungeon:15 true
     0 | D:1      | 0 ||| qw: Do second Lair branch before Depths: true
     0 | D:1      | 0 ||| qw: Lair rune preference: random
     0 | D:1      | 0 ||| qw: Goals: Normal
     0 | D:1      | 0 ||| PLANNING D:1-11
     3 | D:1      | 3 ||| Stepping ~*~*~tactically~*~*~ (water).
    63 | D:1      | Reached XP level 2. HP: 16/16 MP: 3/3
    66 | D:1      | 66 ||| FLEEEEING.
   116 | D:1      | Reached skill level 3 in Ranged Weapons
   237 | D:1      | Reached XP level 3. HP: 21/21 MP: 4/4
   584 | D:1      | 584 ||| UPGRADING to +0 ring mail.
   594 | D:1      | 594 ||| DROPPING +0 robe.
   595 | D:1      | 595 ||| READING scroll labelled JIRGHI TILAI.
   596 | D:1      | 596 ||| READING 3 scrolls labelled ZEIW SYBUTZ.
   597 | D:1      | 597 ||| DRINKING 2 fuming silvery potions.
   598 | D:1      | 598 ||| READING 2 scrolls of identify.
   598 | D:1      | 598 ||| IDENTIFYING metallic emerald potion
   599 | D:1      | 599 ||| DROPPING scroll of poison.
   600 | D:1      | 600 ||| DROPPING potion of invisibility.
   601 | D:1      | 601 ||| DROPPING potion of degeneration.
   706 | D:2      | Reached XP level 4. HP: 26/26 MP: 5/5
   735 | D:2      | Reached skill level 4 in Ranged Weapons
   841 | D:2      | HP: 6/26 [frozen (4)]
   843 | D:2      | HP: 2/26 [endoplasm (1)]
   844 | D:2      | Frozen to death by an endoplasm

Levels and vault maps discovered:
D:1:      dpeg_arrival_subterranean_lakeside_camping, layout_rooms
D:2:      layout_loops_cross, serial_shops, nicolae_shop_tiny_glass,
          kennysheep_pointless_box, uniq_natasha, uniq_robin

Skill      XL: |  1  2  3  4 |
---------------+-------------+-----
Ranged Weapons | 3 4 |  4.0
Fighting       | 2 |  2.0
Armour         | |  0.9
Dodging        | |  1.5
Spellcasting   | |  1.0
Hexes          | |  2.6

Action                     |  1- 3 |  4- 6 || total
---------------------------+-------+-------++-------
   Fire: Sling             |    95 |    39 ||   134
    Use: Scroll            |     3 |       ||     3
         Potion            |     1 |       ||     1
 Armour: Robe              |    10 |       ||    10
         Ring mail         |     3 |    16 ||    19
  Dodge: Dodged            |    29 |    11 ||    40

Table legend:
 A = Non-vault XP
 B = Vault XP
 C = Vault XP percentage of total XP
 D = Non-vault monster count
 E = Vault monster count
 F = Vault count percentage of total count
                 A         B        C        D         E       F
            +---------+---------+-------+---------+---------+-------
      Total |     104 |       9 |   8.0 |      33 |       6 |  15.4
            +---------+---------+-------+---------+---------+-------
        D:1 |      57 |       9 |  13.6 |      23 |       6 |  20.7
        D:2 |      47 |       0 |   0.0 |      10 |       0 |   0.0
            +---------+---------+-------+---------+---------+-------
